 Dungeon Crawl Stone Soup version 0.31.0-11-ge490571c62 (webtiles) character file.

Game seed: 11721107885348111930

331 ces the Cudgeller (level 6, -1/38 HPs)
             Began as a Gargoyle Monk on Feb 4, 2024.
             Slain by a lemure (7 damage)
             ... led by Pikel
             ... on level 3 of the Dungeon.
             The game lasted 00:08:53 (4240 turns).

ces the Cudgeller (Gargoyle Monk)                   Turns: 4240, Time: 00:08:54

Health: -1/38      AC:  6    Str: 17    XL:     6   Next: 51%
Magic:  6/6        EV: 12    Int: 10    God:
Gold:   182        SH:  0    Dex: 12    Spells: 5/5 levels left

rFire   . . .        a - +0 mace
rCold   . . .        d - orb {light}
rNeg    + . .        b - +0 robe
rPois   ∞            (no helmet)
rElec   +            (no cloak)
rCorr   .            (no gloves)
SInv    .            (no boots)
Will    .....        g - amulet of the acrobat
Stlth   +            (no ring)
HPRegen 0.26/turn    (no ring)
MPRegen 0.10/turn

%: acrobat
@: glowing
A: sickness immunity, AC +4, negative energy resistance 1, electricity
resistance, torment resistance 1, petrification resistance
a: no special abilities


You were on level 3 of the Dungeon.
You visited 1 branch of the dungeon, and saw 5 of its levels.

You collected 182 gold pieces.

Inventory:

Hand Weapons
 a - a +0 mace (weapon)
 o - a +0 arbalest
Armour
 b - a +0 robe (worn)
 d - an orb of light (worn)
Jewellery
 c - an amulet of guardian spirit
 g - an amulet of the acrobat (around neck)
Wands
 f - a wand of mindburst (16)
Scrolls
 e - a scroll of fog


   Skills:
 - Level 4.2 Fighting
 + Level 6.2 Maces & Flails
 - Level 3.1 Dodging


You had 5 spell levels left.
You didn't know any spells.
Your spell library was empty.

Dungeon Overview and Level Annotations

Branches:
Dungeon (5/15)
 Temple: D:4-7

Altars:
Elyvilon

Annotations:
D:4 Pikel


Innate Abilities, Weirdness & Mutations

You are immune to sickness and miasma.
Your stone body is resilient. (AC +4)
You are immune to poison.
You resist negative energy. (rN+)
You are resistant to electric shocks. (rElec)
You are resistant to unholy torment.
You are immune to petrification.


Message History

The lemure hits you but does no damage.
You barely miss the lemure.
The lemure is moderately wounded.
The lemure hits you but does no damage.
You hit the lemure.
The lemure is moderately wounded.
The lemure hits you but does no damage.
You closely miss the lemure.
The lemure is moderately wounded.
The lemure barely misses you.
You hit the lemure.
The lemure is heavily wounded.
The lemure hits you but does no damage. x2
You completely miss the lemure.
The lemure is heavily wounded.
The lemure misses you.
You hit the lemure.
The lemure is severely wounded.
The lemure misses you.
You hit the lemure but do no damage.
The lemure is severely wounded.
The lemure closely misses you.
You completely miss the lemure.
The lemure is severely wounded.
The lemure closely misses you.
You barely miss the lemure.
The lemure is severely wounded.
The lemure hits you.
* * * LOW HITPOINT WARNING * * *
You sock the lemure!
The lemure is almost dead.
The lemure misses you.
You hit the lemure but do no damage.
The lemure is almost dead.
The lemure hits you.
* * * LOW HITPOINT WARNING * * *
You hit the lemure but do no damage.
The lemure is almost dead.
The lemure hits you!
You die...

#.####....#........
#.##....#..........
#>.#............#..
#......#...........
#.#...........#....
##......##........#.
#...#...#######.##..
####....# ###.##.#
#g5@..#.#####...##..
#######.#####.......####..
#.>........###..##### #..
#............#.#########..
#..........#..............
#########################.
## #


You could see a lemure and a goblin.

Vanquished Creatures
  A lemure (D:3)
  A scorpion (D:5)
  2 bombardier beetles
  A hound (D:3)
  An iguana (D:5)
  A gnoll (D:4)
  5 adders
  A river rat (D:3)
  3 dart slugs
  2 ribbon worms (D:3)
  4 orcs
  8 endoplasms
  A giant cockroach (D:2)
  4 goblins
  13 hobgoblins
  4 jackals
  6 ball pythons
  3 bats
  5 frilled lizards
  3 kobolds
  7 rats
76 creatures vanquished.

Notes
Turn   | Place    | Note
-------+----------+-------------------------------------------
     0 | D:1      | ces the Gargoyle Monk began the quest for the Orb.
     0 | D:1      | Reached XP level 1. HP: 14/14 MP: 1/1
    58 | D:1      | Reached XP level 2. HP: 13/19 MP: 2/2
   605 | D:1      | Found a faded altar of an unknown god.
   741 | D:2      | Reached XP level 3. HP: 24/24 MP: 3/3
  1187 | D:2      | Reached XP level 4. HP: 29/29 MP: 4/4
  1593 | D:3      | Found a white marble altar of Elyvilon.
  2063 | D:3      | Found a glowing drain.
  2080 | D:3      | Reached skill level 4 in Maces & Flails
  2274 | D:3      | Reached XP level 5. HP: 23/33 MP: 5/5
  2608 | D:3      | Reached skill level 5 in Maces & Flails
  2778 | D:5      | Entered Level 5 of the Dungeon
  3033 | D:5      | Reached XP level 6. HP: 7/38 MP: 6/6
  3338 | D:4      | Reached skill level 6 in Maces & Flails
  3625 | D:4      | Noticed Pikel
  4240 | D:3      | Slain by a lemure

Illustrated notes

Levels and vault maps discovered:
D:1:      dpeg_arrival_solitude, layout_basic, chequers_ecumenical_altar_simple
D:2:      layout_basic, serial_corexii_hall, chequers_hall_statues_y,
          corexii_hall_statues_x, corexii_hall_statues_i,
          guppyfry_early_orc_mine
D:3:      layout_rooms, mainiacjoe_overflow_cross_hatched, portal_sewer_entry_b,
          minmay_misc_feat_secret_circle
D:4:      layout_rooms, uniq_pikel, uniq_natasha
D:5:      layout_basic, mainiacjoe_overflow_boulevard, serial_shops,
          nicolae_shop_tiny_real_fake_doors, shop, nicolae_alphabet_shops,
          dk_noncrumbling_3, uniq_blork_the_orc

Skill      XL: |  1  2  3  4  5  6 |
---------------+-------------------+-----
Fighting       | 4 |  4.2
Dodging        | 3 |  3.1
Maces & Flails | 4 5 6 |  6.2

Action                     |  1- 3 |  4- 6 || total
---------------------------+-------+-------++-------
  Melee: Mace              |   101 |   170 ||   271
    Use: Potion            |     1 |     3 ||     4
         Scroll            |       |     9 ||     9
 Armour: Robe              |    64 |   162 ||   226
  Dodge: Dodged            |   100 |   210 ||   310
